 Dungeon Crawl Stone Soup version 0.25.1-2-g60ff931df9 (webtiles) character file.

Game seed: 11250764794823268001

452 funkygono the Skirmisher (level 6, -2/49 HPs)
             Began as a Demonspawn Abyssal Knight on Aug 16, 2020.
             Was a Priest of Lugonu.
             Slain by an ogre
             ... wielding a +0 giant club
              (25 damage)
             ... on level 4 of the Dungeon.
             The game lasted 00:07:36 (4038 turns).

funkygono the Skirmisher (DsAK)                     Turns: 4038, Time: 00:07:37

Health: -2/49      AC: 11    Str: 14    XL:     6   Next: 75%
Magic:  7/8        EV: 19    Int: 14    God:    Lugonu [***...]
Gold:   219        SH:  0    Dex: 12    Spells: 5/5 levels left

rFire    . . .     SeeInvis .   e - +0 flail (protect)
rCold    . . .     Gourm    .   (no shield)
rNeg     . . .     Faith    .   b - +1 leather armour
rPois    .         Spirit   .   (no helmet)
rElec    .         Reflect  .   (no cloak)
rCorr    .         Harm     .   (no gloves)
MR       .....                  (no boots)
Stlth    ..........             (no amulet)
HPRegen  0.16/turn              g - +4 ring of evasion
MPRegen  0.11/turn              n - ring of attention (curse)

@: protection aura
A: talons 1, repulsion field 2, rot immunity
a: Depart the Abyss, Bend Space, Banish, Renounce Religion


You were on level 4 of the Dungeon.
You worshipped Lugonu.
Lugonu was most pleased with you.
You were not hungry.

You visited 1 branch of the dungeon, and saw 4 of its levels.
You visited the Abyss 1 time.

You collected 219 gold pieces.

Inventory:

Hand Weapons
 e - a +0 flail of protection (weapon)
 j - a +0 hunting sling
Missiles
 d - 11 poisoned darts
 i - 15 arrows
 o - 7 javelins
 p - 62 stones (quivered)
 s - 20 bolts
Armour
 b - a +1 leather armour (worn)
Jewellery
 g - a +4 ring of evasion (left hand)
 m - a +4 ring of evasion
 n - a cursed ring of attention (right hand)
 q - a +6 ring of dexterity
Scrolls
 a - a scroll of blinking {unknown}
 l - a scroll of identify
 v - a scroll of remove curse
Potions
 f - a potion of stabbing {unknown}
 h - 2 potions of mutation
 k - a potion of brilliance
 r - a potion of cancellation {unknown}
 u - a potion of might {unknown}
Comestibles
 c - 8 rations
 t - 2 chunks of flesh


   Skills:
 + Level 4.5 Fighting
 + Level 4.3 Maces & Flails
 + Level 3.1 Armour
 + Level 2.3 Dodging
 + Level 0.7 Stealth
 + Level 3.1 Invocations


You had 5 spell levels left.
You didn't know any spells.
Your spell library was empty.

Dungeon Overview and Level Annotations

Branches:
Dungeon (4/15)             Temple (0/1) D:4

Altars:
Hepliaklqana
Okawaru

Annotations:
D:4 1 runed translucent door, ZZKoverts's ghost, novice CeHu


Innate Abilities, Weirdness & Mutations

You have sharp toenails.
You are surrounded by a moderate repulsion field. (EV +3)
You are immune to rotting.


Message History

The ogre misses you.
You barely miss the ogre. You claw the ogre.
The ogre is lightly wounded.
You completely miss the ogre.
The ogre is lightly wounded.
The ogre misses you.
You hit the ogre but do no damage.
The ogre is lightly wounded.
The ogre barely misses you.
You barely miss the ogre.
The ogre is lightly wounded.
The ogre closely misses you.
You sock the ogre! You claw the ogre.
The ogre is moderately wounded.
The ogre hits you with a +0 giant club.
You barely miss the ogre.
The ogre is moderately wounded.
The ogre hits you with a +0 giant club!!
Ouch! That really hurt!
You die...

# #########
#.#..(#.#.#
#.....#.##
#..#@#..#.#
##. ##O##..##
#. ##...##..#
#.##..[..##.#
#..##...##..#
#..##.##..##
#..###.รท#.#
#..#..#.##
#...#.#.#


You could see an ogre.

Vanquished Creatures
  An ogre (D:4)
  3 orc priests
  2 orc wizards
  An iguana (D:4)
  2 worker ants
  5 adders
  A shadow imp (D:4)
  2 oozes
  2 worms
  A leopard gecko (D:2)
  14 orcs
  A ball python (D:3)
  6 bats
  5 giant cockroaches
  6 goblins
  7 hobgoblins
  5 kobolds
  A quokka (D:4)
  5 frilled lizards
  7 rats
77 creatures vanquished.

Vanquished Creatures (others)
  An orc (D:4)
1 creature vanquished.

Grand Total: 78 creatures vanquished

Notes
Turn   | Place    | Note
-------+----------+-------------------------------------------
     0 | Abyss:1  | funkygono the Demonspawn Abyssal Knight began the quest for
                  | the Orb.
     0 | Abyss:1  | Reached XP level 1. HP: 18/18 MP: 2/2
    58 | D:1      | Escaped the Abyss
   300 | D:1      | Gained mutation: You are surrounded by a mild repulsion
                  | field. (EV +2) [demonic ancestry]
   300 | D:1      | Reached XP level 2. HP: 21/24 MP: 3/3
   674 | D:1      | Reached ** piety under Lugonu
   674 | D:1      | Reached skill level 1 in Dodging
  1392 | D:2      | Found a hazy altar of Hepliaklqana.
  1413 | D:2      | Gained mutation: You are surrounded by a moderate repulsion
                  | field. (EV +3) [demonic ancestry]
  1413 | D:2      | Reached XP level 3. HP: 22/29 MP: 4/4
  1601 | D:2      | Gained mutation: You have sharp toenails. [demonic
                  | ancestry]
  1601 | D:2      | Reached XP level 4. HP: 36/37 MP: 6/6
  2429 | D:3      | Gained mutation: You are immune to rotting. [demonic
                  | ancestry]
  2429 | D:3      | Reached XP level 5. HP: 27/42 MP: 7/7
  2600 | D:3      | Found an iron altar of Okawaru.
  2741 | D:3      | HP: 1/42 [poisoned by an adder]
  3220 | D:4      | Noticed an ogre
  3227 | D:4      | Killed an ogre
  3227 | D:4      | Reached XP level 6. HP: 36/48 MP: 8/8
  3397 | D:4      | Found a runed translucent door.
  3430 | D:4      | Noticed ZZKoverts's ghost (novice CeHu)
  3502 | D:4      | Reached *** piety under Lugonu
  3525 | D:4      | Found a staircase to the Ecumenical Temple.
  4038 | D:4      | Slain by an ogre

Illustrated notes

Levels and vault maps discovered:
D:1:      minmay_arrival_solitary_statue, layout_basic,
          chequers_serial_rivers_room_a, serial_bayou_pond_a, minivault_25,
          minmay_hedge_maze
D:2:      layout_loops_ring, overflow_temple_1_default
D:3:      layout_basic, marbit_many_paths, serial_corexii_hall,
          corexii_hall_statues_t, chequers_hall_statues_wall_a
D:4:      minmay_diamond_boxcup, layout_basic, minmay_temple_entry_large_hall,
          ebering_ghost_reflecting_pool, lemuel_old_faithful

Skill      XL: |  1  2  3  4  5  6 |
---------------+-------------------+-----
Armour         | 2 3 |  3.1
Dodging        | 1 2 |  2.3
Maces & Flails | 2 3 4 |  4.3
Fighting       | 4 |  4.5
Invocations    | 3 |  3.1
Stealth        | |  0.7

Action                   |  1- 3 |  4- 6 || total
-------------------------+-------+-------++-------
Melee: Mace              |    72 |    97 ||   169
       Kick              |       |    47 ||    47
       Flail             |       |    67 ||    67
Invok: Bend Space        |       |     6 ||     6
  Use: Scroll            |     4 |     6 ||    10
       Potion            |       |     4 ||     4
  Eat: Chunk             |     2 |     8 ||    10
Armor: Leather armour    |    22 |    22 ||    44
Dodge: Dodged            |    76 |   165 ||   241
